 Dungeon Crawl Stone Soup version 0.26-a0-84-g8c18429211 (webtiles) character file.

Game seed: 3203424404200776038

105 bmfx the Ruffian (level 4, 0/36 HPs)
             Began as a Ghoul Air Elementalist on June 18, 2020.
             Slain by Blork the orc
             ... wielding a +0 battleaxe
              (7 damage)
             ... on level 4 of the Dungeon.
             The game lasted 00:07:23 (2167 turns).

bmfx the Ruffian (Ghoul Air Elementalist)           Turns: 2167, Time: 00:07:23

Health: 0/36       AC:  7    Str:  9 (12) XL:     4   Next: 81%
Magic:  5/5        EV:  8    Int:  7 (10) God:
Gold:   160        SH:  0    Dex:  6 (9)  Spells: 5/6 levels left

rFire    . . .     SeeInvis .     - Unarmed
rCold    + . .     Gourm    .   (no shield)
rNeg     + + +     Faith    .   p - +1 scale mail
rPois    ∞         Spirit   .   (no helmet)
rElec    .         Reflect  .   (no cloak)
rCorr    .         Harm     .   (no gloves)
MR       .....                  (no boots)
Stlth    ..........             (no amulet)
HPRegen  0.00/turn              u - ring of positive energy
MPRegen  0.09/turn              (no ring)

@: rotting
A: rotting body, claws 1, carnivore, cold resistance 1, negative energy
resistance 3, inhibited regeneration, torment resistance, unbreathing
a: no special abilities


You were on level 4 of the Dungeon.
You were not hungry.

You visited 1 branch of the dungeon, and saw 4 of its levels.

You collected 160 gold pieces.


Innate Abilities, Weirdness & Mutations

Your body is rotting away.
You thrive on raw meat.
You are immune to poison.
You have sharp fingernails.
You are carnivorous and can eat meat at any time.
Your flesh is cold resistant. (rC+)
You are immune to negative energy. (rN+++)
You do not regenerate when monsters are visible.
You are immune to unholy pain and torment.
You can survive without breathing.

Dungeon Overview and Level Annotations

Branches:
Dungeon (4/15)
 Temple: D:4-7

Altars:
Gozag

Shops:
D:3 *

Annotations:
D:3 Grinder
D:4 Blork the orc


   Skills:
 - Level 1.8 Fighting
 + Level 1.1 Throwing
 - Level 1.7 Dodging
 - Level 2.1 Stealth
 * Level 3.8 Unarmed Combat
 - Level 1.7 Spellcasting
 - Level 0.7 Conjurations
 - Level 2.4 Air Magic


You had 5 spell levels left.
You knew the following spells:

 Your Spells              Type           Power        Failure   Level  Hunger
A - Shock                 Conj/Air       #...         87%         1    ##.....

Your spell library contained the following spells:

 Spells                   Type           Power        Failure   Level  Hunger
 Swiftness                Chrm/Air       #.......     97%         2    ###....
 Static Discharge         Conj/Air       #.......     99%         3    ####...
 Airstrike                Air            #.........   100%        4    #####..
 Lightning Bolt           Conj/Air       #.........   100%        5    ######.

Action                   |  1- 3 |  4- 6 || total
-------------------------+-------+-------++-------
Melee: Unarmed           |   133 |    35 ||   168
Throw: Stone             |    31 |       ||    31
       Dart              |     3 |    12 ||    15
  Use: Scroll            |       |     6 ||     6
       Potion            |       |     4 ||     4
 Stab: Sleeping          |     1 |       ||     1
  Eat: Chunk             |     9 |     7 ||    16
Armor: Ring mail         |    33 |       ||    33
       Scale mail        |    16 |    15 ||    31
Dodge: Dodged            |    51 |    22 ||    73

Skill      XL: |  1  2  3  4 |
---------------+-------------+-----
Unarmed Combat | 1 2 3 |  3.8
Fighting       | 1 |  1.8
Throwing       | 1 |  1.1
Dodging        | |  1.7
Stealth        | |  2.1
Spellcasting   | |  1.7
Conjurations   | |  0.7
Air Magic      | |  2.4

Inventory:

Hand Weapons
 o - a +1 hunting sling
Missiles
 e - 6 poisoned darts (quivered)
 g - 7 boomerangs
 h - 4 javelins
 j - 41 stones
 s - 22 sling bullets
Armour
 p - a +1 scale mail (worn)
Jewellery
 u - a ring of positive energy (left claw)
Scrolls
 m - a scroll of magic mapping
Potions
 b - 2 potions of curing
 l - a potion of degeneration
Comestibles
 c - 4 rations
 d - 2 chunks of flesh {@w1}

#÷.#.#..# .# #..#.#..# # #
#..#.#..# ## #(.#.#..# .#
#..#.#..# .## #..#.#..# ..#
#(.#.#..#
#.###############..#.#..###
.............ZZo@...........
#..#######.######..#........
##.# #.######....#.##### #.#
#...).....#.#.$.
##+#######.)########.#.###
#...........# #.# (
#...........# #.# #
#......(....# #.#
#.....(.....# #.#


You could see Blork the orc (fast, inner flame), a ball python skeleton (inner
flame) and an adder skeleton (inner flame).

Vanquished Creatures
  A worker ant (D:4)
  2 adders
  2 gnolls (D:4)
  3 worms
  A dart slug (D:1)
  A ball python (D:2)
  A giant cockroach (D:1)
  3 goblins
  4 hobgoblins
  3 jackals (D:2)
  2 quokkas (D:4)
  2 bats (D:2)
  5 frilled lizards
  2 kobolds
  7 rats
39 creatures vanquished.

Levels and vault maps discovered:
D:1:      scummos_arrival_simple_fountains, layout_loops_ring, serial_rivers,
          chequers_serial_rivers_room_b, chequers_serial_rivers_micro_e,
          chequers_serial_rivers_micro_c, chequers_serial_rivers_micro_d,
          chequers_serial_rivers_marsh, chequers_serial_rivers_micro_d
D:2:      layout_rooms, roderic_nine_men_s_morris
D:3:      layout_basic, portal_sewer_entry_f, first_ration,
          nicolae_gozag_zags_fifth_avenue, uniq_robin, uniq_jessica,
          uniq_grinder
D:4:      cheibrodos_thug_alley, layout_basic, uniq_blork_the_orc, uniq_edmund


Message History

This raw flesh tastes great!
Blork the orc closely misses you. Blork the orc barely misses you.
Eat one of 6 chunks of flesh {@w1}? (ye/n/q)
You eat one of the 6 chunks of flesh {@w1}.
This raw flesh tastes great!
Blork the orc hits you with a +0 battleaxe!
* * * LOW HITPOINT WARNING * * *
Eat one of 5 chunks of flesh {@w1}? (ye/n/q)
You eat one of the 5 chunks of flesh {@w1}.
This raw flesh tastes great!
Blork the orc barely misses you.
Eat one of 4 chunks of flesh {@w1}? (ye/n/q)
You eat one of the 4 chunks of flesh {@w1}.
This raw flesh tastes great!
Blork the orc hits you with a +0 battleaxe!
* * * LOW HITPOINT WARNING * * *
Eat one of 3 chunks of flesh {@w1}? (ye/n/q)
You eat one of the 3 chunks of flesh {@w1}.
This raw flesh tastes great!
Blork the orc hits you with a +0 battleaxe!
You die...

Notes
Turn   | Place    | Note
-------+----------+-------------------------------------------
     0 | D:1      | bmfx the Ghoul Air Elementalist began the quest for the
                  | Orb.
     0 | D:1      | Reached XP level 1. HP: 14/14 MP: 2/2
   546 | D:1      | Reached skill level 1 in Unarmed Combat
   589 | D:1      | Reached XP level 2. HP: 22/22 MP: 3/3
   681 | D:1      | Reached skill level 1 in Fighting
  1134 | D:2      | Reached skill level 2 in Unarmed Combat
  1180 | D:2      | Reached XP level 3. HP: 22/28 MP: 4/4
  1782 | D:3      | Found an opulent altar of Gozag.
  1814 | D:3      | Found Gozag's Platinum Reserve.
  1892 | D:3      | Noticed Grinder
  1974 | D:4      | Reached skill level 3 in Unarmed Combat
  1974 | D:4      | Reached XP level 4. HP: 27/36 MP: 5/5
  2057 | D:4      | Reached skill level 1 in Throwing
  2125 | D:4      | Noticed Blork the orc
  2167 | D:4      | Slain by Blork the orc
